 Dungeon Crawl Stone Soup version 0.30.1-11-g7821555f0a (webtiles) character file.

Game seed: 16189169927204620158

16802 fireball365 the Severer (level 12, -8/107 HPs)
             Began as a Hill Orc Fighter on Nov 11, 2023.
             Was an Initiate of Gozag.
             Mangled by a large slime creature (33 damage)
             ... on level 12 of the Dungeon.
             The game lasted 00:24:20 (13255 turns).

fireball365 the Severer (Hill Orc Fighter)         Turns: 13255, Time: 00:24:20

Health: -8/107     AC: 16    Str: 28    XL:     12   Next: 41%
Magic:  12/12      EV: 10    Int:  8    God:    Gozag
Gold:   1147       SH:  0    Dex: 10    Spells: 11/11 levels left

rFire   . . .        o - +4 battleaxe "Ennug" {spect, rCorr Str+4}
rCold   . . .        (shield currently unavailable)
rNeg    . . .        u - +0 chain mail
rPois   .            (no helmet)
rElec   .            (no cloak)
rCorr   +            b - +0 pair of gloves
SInv    .            s - +1 pair of boots
Will    .....        (no amulet) Stlth
                     q - ring of flight
HPRegen 0.37/turn    (no ring)
MPRegen 0.13/turn

%: no passive effects
@: gold aura, flying, studying Throwing
A: no striking features
a: Renounce Religion, Potion Petition, Call Merchant, Bribe Branch


You were on level 12 of the Dungeon.
You worshipped Gozag.
Gozag was most pleased with you.
You visited 2 branches of the dungeon, and saw 13 of its levels.

You collected 1377 gold pieces.
You paid 230 gold pieces to Gozag.

Inventory:

Hand Weapons
 o - the +4 battleaxe "Ennug" (weapon) {spect, rCorr Str+4}
   (You acquired it on level 6 of the Dungeon)

   Str:       It affects your strength (+4).
   rCorr:     It protects you from acid and corrosion.
 A - a +0 broad axe
 H - the +6 great mace of Pain and Death {venom, rF+ Will- rCorr}
   (You took it off a two-headed ogre on level 10 of the Dungeon)

   rF:        It protects you from fire.
   rCorr:     It protects you from acid and corrosion.
   Will:      It decreases your willpower.
 I - the +8 storm bow {elec, penet}
   (You found it on level 10 of the Dungeon)
Armour
 b - a +0 pair of gloves (worn)
 s - a +1 pair of boots (worn)
 u - a +0 chain mail (worn)
Jewellery
 q - a ring of flight (left hand)
Wands
 x - a wand of charming (30)
 E - a wand of digging (6)
 G - a wand of mindburst (9)
Scrolls
 e - 5 scrolls of fog
 g - 5 scrolls of magic mapping
 h - a scroll of blinking
 i - 3 scrolls of enchant weapon
 j - 5 scrolls of noise
 m - a scroll of poison
 n - 2 scrolls of fear
 y - 2 scrolls of immolation
 z - 6 scrolls of teleportation
Potions
 a - a potion of degeneration {unknown}
 c - a potion of mutation {unknown}
 d - 2 potions of might
 f - a potion of cancellation {unknown}
 k - 2 potions of haste
 l - 4 potions of flight
 p - 3 potions of resistance {unknown}
 r - a potion of magic {unknown}
 t - 2 potions of brilliance {unknown}
 v - 5 potions of heal wounds
 B - 3 potions of ambrosia {unknown}
 C - 2 potions of attraction {unknown}
 D - a potion of curing
 F - 2 potions of lignification {unknown}


   Skills:
 + Level 10.3 Fighting
 + Level 17.7 Axes
 + Level 12.2 Armour
 + Level 2.5 Dodging
 + Level 2.1 Stealth
 + Level 5.0 Shields
 + Level 0.1 Evocations


You had 11 spell levels left.
You didn't know any spells.
Your spell library contained the following spells:

 Spells                   Type           Power      Damage    Failure   Level
 Freeze                   Ice            0%         1d3       80%         1
 Magic Dart               Conj           0%         1d3       80%         1
 Shock                    Conj/Air       0%         1d3       80%         1
 Slow                     Hex            0%         N/A       80%         1
 Blink                    Tloc           0%         N/A       91%         2
 Lesser Beckoning         Tloc           0%         N/A       91%         2
 Momentum Strike          Conj/Tloc      0%         3d8       91%         2
 Searing Ray              Conj           0%         2d4       91%         2
 Confusing Touch          Hex            0%         N/A       99%         3
 Frozen Ramparts          Ice            0%         1d1       99%         3
 Gell's Gravitas          Tloc           0%         N/A       99%         3
 Hailstorm                Conj/Ice       0%         3d3       99%         3
 Swiftness                Air            0%         N/A       99%         3
 Teleport Other           Tloc           0%         N/A       99%         3
 Tukima's Dance           Hex            0%         N/A       99%         3
 Vampiric Draining        Necr           0%         2d6       99%         3
 Airstrike                Air            0%         2d(0-16)  100%        4
 Fulminant Prism          Conj/Hex       0%         3d5       100%        4
 Passage of Golubria      Tloc           0%         N/A       100%        4
 Yara's Violent Unravell  Hex/Tmut       0%         3d3       100%        5


Dungeon Overview and Level Annotations

Branches:
Dungeon (12/15)            Temple (1/1) D:6            Lair (0/5) D:9
    Orc (0/2) D:10

Altars:
Ashenzari
Cheibriados
Dithmenos
Elyvilon
Fedhas
Gozag
Hepliaklqana
Kikubaaqudgha
Makhleb
Nemelex Xobeh
Okawaru
Qazlal
Ru
Sif Muna
Trog
Uskayaw
Vehumet
Wu Jian
Xom
Yredelemnul
Zin
The Shining One

Shops:
D:10 (


Message History

You kill the komodo dragon!
You now have 1147 gold pieces (gained 14).
HP restored.
A slime creature comes into view.
The slime creature quivers.
The slime creature hits you but does no damage.
You slice the slime creature!!
The slime creature is heavily wounded.
The slime creature hits you!
You carve the slime creature like a ham!!!
You kill the slime creature!
A slime creature comes into view.
You see here 7 gold pieces.
The slime creature barely misses you.
A slime creature comes into view.
You slash the slime creature!
The slime creature is moderately wounded.
The slime creature hits you!
Two slime creatures merge to form a large slime creature.
You hit the large slime creature.
The large slime creature is lightly wounded.
You slash the large slime creature!
The large slime creature is moderately wounded.
You slice the large slime creature!!
The large slime creature is heavily wounded.
The large slime creature hits you!!
You barely miss the large slime creature.
The large slime creature is heavily wounded.
The large slime creature hits you!
You slash the large slime creature!
The large slime creature is heavily wounded.
You barely miss the large slime creature.
The large slime creature is heavily wounded.
The large slime creature hits you!!
* * * LOW HITPOINT WARNING * * *
You hit the large slime creature.
The large slime creature is severely wounded.
The large slime creature hits you!!
You die...
Your body crumbles into a pile of gold.

#.###.#
#.....#
.######.#####
........#
.######.# #.#
#$# #.# #@#
#J# $ $ ..#
.### #. #


You could see a large slime creature.

Vanquished Creatures
  6 two-headed ogres
  The ghost of monsoonserge the Skirmisher, a journeyman SpHu of Okawaru (D:10)
  A deep elf pyromancer (D:12)
  3 kobold demonologists
  4 komodo dragons
  4 trolls
  3 hornets
  A slime creature (D:12)
  A vampire (D:9)
  2 wyverns
  A basilisk (D:9)
  17 yaks
  5 vampire mosquitoes (D:10)
  2 steam dragons
  2 acid dragons
  2 water moccasins
  3 ice beasts
  5 orc warriors
  3 sky beasts
  3 ogres
  6 centaurs
  A phantom (D:6)
  8 kobold brigands
  2 bullfrogs
  2 gnoll sergeants
  2 scorpions
  3 wights (D:8)
  9 howler monkeys
  4 hounds
  3 jellies
  11 orc priests
  A gnoll bouda (D:9)
  4 iguanas
  11 orc wizards
  14 gnolls
  6 adders
  A white imp (D:7)
  An ufetubus (D:7)
  A worm (D:4)
  3 dart slugs
  67 orcs
  4 endoplasms
  A giant cockroach (D:2)
  9 goblins
  5 hobgoblins
  8 jackals
  6 quokkas
  6 ball pythons
  9 bats
  6 frilled lizards
  42 kobolds
  5 rats
330 creatures vanquished.

Vanquished Creatures (others)
  A kobold brigand (D:10)
1 creature vanquished.

Grand Total: 331 creatures vanquished

Notes
Turn   | Place    | Note
-------+----------+-------------------------------------------
     0 | D:1      | fireball365 the Hill Orc Fighter began the quest for the
                  | Orb.
     0 | D:1      | Reached XP level 1. HP: 19/19 MP: 1/1
   207 | D:1      | Reached XP level 2. HP: 26/27 MP: 2/2
   491 | D:1      | Reached skill level 3 in Axes
  1021 | D:2      | Reached XP level 3. HP: 32/33 MP: 3/3
  1061 | D:2      | You fall into a shaft and drop 2 floors!
  1086 | D:4      | Found a snail-covered altar of Cheibriados.
  1099 | D:4      | Reached XP level 4. HP: 32/40 MP: 4/4
  1145 | D:3      | Reached skill level 4 in Axes
  1475 | D:2      | Reached XP level 5. HP: 42/46 MP: 5/5
  1744 | D:2      | Found a faded altar of an unknown god.
  1809 | D:3      | Reached skill level 1 in Dodging
  1893 | D:3      | Noticed a kobold brigand
  1914 | D:3      | Killed a kobold brigand
  1915 | D:3      | Reached skill level 5 in Axes
  2174 | D:3      | Reached XP level 6. HP: 28/53 MP: 6/6
  3099 | D:4      | Found an ornate altar of the Wu Jian Council.
  3157 | D:4      | Identified the +3 ring mail of Zutad {rElec Will+}
  3277 | D:4      | Reached skill level 5 in Armour
  3325 | D:4      | Found an iron altar of Okawaru.
  3332 | D:4      | Reached skill level 6 in Axes
  3607 | D:5      | Entered Level 5 of the Dungeon
  3626 | D:5      | HP: 1/53 [gnoll sergeant/+0 spear (2)]
  3795 | D:5      | Reached XP level 7. HP: 20/60 MP: 7/7
  3804 | D:5      | HP: 3/60 [iguana (9)]
  4339 | D:5      | Reached skill level 5 in Fighting
  4339 | D:5      | Reached skill level 7 in Axes
  4437 | D:5      | Identified the +6 whip of Weezomuv {freeze, rN+ Str+3
                  | Dex+4}
  4440 | D:5      | Identified the +3 leather armour of Okawaru's Whim {Dex+4}
  4496 | D:5      | HP: 1/61 [ogre/+0 giant spiked club (20)]
  5102 | D:6      | Reached XP level 8. HP: 68/68 MP: 8/8
  5194 | D:6      | Reached skill level 8 in Axes
  5361 | D:6      | Found a staircase to the Ecumenical Temple.
  5376 | Temple   | Entered the Ecumenical Temple
  5514 | D:6      | Reached skill level 9 in Axes
  5756 | D:6      | Identified a scroll of acquirement
  5756 | D:6      | Acquired the +4 battleaxe "Ennug" {spect, rCorr Str+4}
  5859 | D:6      | Reached skill level 10 in Axes
  6363 | D:7      | Reached skill level 5 in Shields
  6474 | D:7      | Reached XP level 9. HP: 63/75 MP: 9/9
  6699 | D:7      | Reached skill level 11 in Axes
  7451 | D:8      | Reached skill level 12 in Axes
  7689 | D:8      | Reached XP level 10. HP: 65/86 MP: 10/10
  7830 | D:8      | Reached skill level 13 in Axes
  8326 | D:9      | Noticed a kobold demonologist
  8332 | D:9      | Killed a kobold demonologist
  8392 | D:9      | Reached skill level 14 in Axes
  8518 | D:9      | Paralysed by a hornet for 1 turns
  8924 | D:9      | Found a broken altar of Ashenzari.
  9053 | D:9      | Noticed a two-headed ogre
  9060 | D:9      | Killed a two-headed ogre
  9299 | D:9      | Paralysed by a hornet for 3 turns
  9304 | D:9      | Paralysed by a hornet for 1 turns
  9465 | D:9      | Reached skill level 10 in Armour
  9465 | D:9      | Reached XP level 11. HP: 76/95 MP: 11/11
  9536 | D:9      | Found a staircase to the Lair.
  9542 | D:9      | Reached skill level 15 in Axes
  9722 | D:10     | Entered Level 10 of the Dungeon
  9741 | D:10     | Reached skill level 1 in Stealth
  9907 | D:10     | Noticed a two-headed ogre
  9908 | D:10     | Found a transporter.
  9908 | D:10     | Noticed a two-headed ogre
  9908 | D:10     | Found the +8 storm bow {elec, penet}
  9908 | D:10     | Noticed monsoonserge's ghost (journeyman SpHu)
  9908 | D:10     | Identified the +6 great mace of Pain and Death {venom, rF+
                  | Will- rCorr}
  9908 | D:10     | Identified the +1 dire flail of the Ring {drain, rC+}
  9908 | D:10     | Noticed a two-headed ogre
  9909 | D:10     | Noticed a two-headed ogre
  9909 | D:10     | Noticed a two-headed ogre
 10042 | D:10     | Found a faded altar of an unknown god.
 10042 | D:10     | Found a white marble altar of Elyvilon.
 10049 | D:10     | Found a faded altar of an unknown god.
 10051 | D:10     | Found a sacrificial altar of Ru.
 10053 | D:10     | Found a sparkling altar of Nemelex Xobeh.
 10461 | D:10     | Found an opulent altar of Gozag.
 10465 | D:10     | Became a worshipper of Gozag Ym Sagoz the Greedy
 10487 | D:10     | Found Bionuoq's Weapon Shoppe.
 10548 | D:10     | Found a transporter.
 10634 | D:10     | Found a staircase to the Orcish Mines.
 10921 | D:10     | Reached skill level 16 in Axes
 11348 | D:10     | Killed a two-headed ogre
 11603 | D:10     | Killed a two-headed ogre
 11781 | D:10     | Killed monsoonserge's ghost
 11855 | D:10     | Killed a two-headed ogre
 11933 | D:10     | Killed a two-headed ogre
 11934 | D:10     | Reached skill level 17 in Axes
 11934 | D:10     | Reached XP level 12. HP: 68/106 MP: 12/12
 12047 | D:10     | Killed a two-headed ogre
 12048 | D:10     | Reached skill level 10 in Fighting
 12436 | D:11     | Noticed Fannar
 13100 | D:12     | Found a hide-covered altar of Uskayaw.
 13255 | D:12     | Mangled by a large slime creature

Illustrated notes

Levels and vault maps discovered:
D:1:      dpeg_arrival_rhombus, layout_basic,
          hangedman_abyss_or_decor_lesser_grid
D:2:      layout_rooms, shapermc_ecumenical_altar_petra
D:3:      layout_loops_ring
D:4:      layout_cave_pools, mainiacjoe_overflow_concentric_impassable,
          kennysheep_slug_shrine, okawaru_altar_gauntlet_db
D:5:      layout_loops_ring, kennysheep_potato
D:6:      layout_loops_corners, minmay_temple_entry_hall
D:7:      layout_loops_corners, minmay_manual_mares
D:8:      layout_cave_pools
D:9:      layout_loops_ring, old_standard_altar, erik_lair_dragon
D:10:     layout_roguey, kennysheep_mini_moat,
          chequers_temple_overflow_minitemple, hiddenorc2_lemuel,
          gammafunk_ghost_smash, serial_shops, nicolae_shop_waterfront
D:11:     layout_basic, uniq_fannar
D:12:     kennysheep_four_of_diamonds, layout_loops_ring,
          nicolae_uskayaw_dance_hall
Temple:   nicolae_temple_superstar

Skill      XL: |  1  2  3  4  5  6  7  8  9 10 11 12 |
---------------+-------------------------------------+-----
Axes           | 3 4 5 6 7 10 12 14 17 | 17.7
Fighting       | 4 5 6 7 8 9 10 | 10.3
Armour         | 4 5 6 8 10 11 12 | 12.2
Dodging        | 1 2 |  2.5
Shields        | 4 5 |  5.0
Stealth        | 1 2 |  2.1
Evocations     | |  0.1

Action                     |  1- 3 |  4- 6 |  7- 9 | 10-12 || total
---------------------------+-------+-------+-------+-------++-------
  Melee: War axe           |    80 |   242 |   103 |       ||   425
         Broad axe         |       |       |    13 |       ||    13
         Battleaxe         |       |       |    75 |   275 ||   350
  Evoke: Wand              |       |       |       |     1 ||     1
    Use: Scroll            |       |     5 |     6 |     7 ||    18
         Potion            |       |     5 |       |     3 ||     8
   Stab: Distracted        |       |       |       |     3 ||     3
 Armour: Scale mail        |    69 |    79 |       |       ||   148
         Chain mail        |       |    73 |   107 |   107 ||   287
  Dodge: Dodged            |    83 |   110 |    88 |   109 ||   390
  Block: Buckler           |    35 |    56 |    16 |       ||   107
